 Dungeon Crawl Stone Soup version 0.16.0-17-g811c1d7 (webtiles) character file.

1824 Sorcv the Covert (level 9, 0/45 HPs)
             Began as a Kobold Enchanter on Mar 21, 2015.
             Was a Follower of Ashenzari.
             Slain by a gnoll
             ... wielding a +0 spear
              (4 damage)
             ... on level 8 of the Dungeon on Mar 22, 2015.
             The game lasted 00:22:29 (3327 turns).

Sorcv the Covert (Kobold Enchanter)                 Turns: 3327, Time: 00:22:30

Health: 0/45       AC:  5    Str:  7    XL:     9   Next: 32%
Magic:  3/15       EV: 18    Int: 13    God:    Ashenzari [*.....]
Gold:   233        SH:  0    Dex: 19    Spells: 5 memorised, 0 levels left

rFire  + . .     SeeInvis .     a - +1 dagger
rCold  . . .     Clarity  .     b - +1 robe (curse)
rNeg   + . .     SustAb   .     (no shield)
rPois  .         Gourm    .     (no helmet)
rElec  .         Spirit   .     (no cloak)
rCorr  .         Warding  +     (no gloves)
rMut   .         Stasis   .     L - +1 pair of boots
MR     .....                    y - amulet of warding
Stlth  ++++++....               (no ring)
                                i - ring of protection from fire (curse)

@: not resistant to hostile enchantments, very stealthy
A: carnivore 3
a: Renounce Religion


You were on level 8 of the Dungeon.
You worshipped Ashenzari.
Ashenzari was aware of your devotion.
You were full.

You visited 2 branches of the dungeon, and saw 9 of its levels.

You collected 233 gold pieces.

Inventory:

Hand weapons
 a - a +1 dagger (weapon)
Missiles
 x - a throwing net (quivered)
Armour
 b - a cursed +1 robe (worn)
 L - a +1 pair of boots (worn)
Jewellery
 i - a cursed ring of protection from fire (left hand)
 t - a +1 ring of protection
 y - an amulet of warding (around neck)
 D - an uncursed ring of teleport control
Magical devices
 s - a wand of paralysis (11)
Scrolls
 e - 6 scrolls of identify
 f - a scroll of curse weapon
 g - 2 scrolls of fog {unknown}
 h - a scroll of enchant weapon {unknown}
 j - 2 scrolls of recharging {unknown}
 n - 2 scrolls of curse jewellery
 o - a scroll of curse armour
 p - 2 scrolls of random uselessness {unknown}
 q - 2 scrolls of amnesia {unknown}
 r - 3 scrolls of remove curse
 A - a scroll of teleportation {unknown}
 E - 2 scrolls of silence {unknown}
 F - a scroll of noise {unknown}
 I - a scroll of immolation {unknown}
 J - a scroll of acquirement {unknown}
 N - a scroll of blinking {unknown}
Potions
 k - 3 potions of invisibility {unknown}
 l - a potion of curing
 m - a potion of mutation {unknown}
 u - a potion of restore abilities {unknown}
 v - 2 potions of haste {unknown}
 B - a potion of flight {unknown}
 C - a potion of poison {unknown}
 H - a potion of degeneration {unknown}
 K - 2 potions of cancellation {unknown}
Books
 c - a book of Maledictions

   Spells                             Type                      Level
   a - Corona                         Hexes                        1
   b - Sure Blade                     Hexes/Charms                 2
   c - Ensorcelled Hibernation        Hexes/Ice                    2
   d - Confuse                        Hexes                        3
   e - Dazzling Spray                 Conjuration/Hexes            3
   f - Enslavement                    Hexes                        4
 w - a book of Necromancy

   Spells                             Type                      Level
   a - Pain                           Necromancy                   1
   b - Animate Skeleton               Necromancy                   1
   c - Vampiric Draining              Necromancy                   3
   d - Regeneration                   Charms/Necromancy            3
   e - Animate Dead                   Necromancy                   4
   f - Control Undead                 Necromancy                   4
 z - a book of Power

   Spells                             Type                      Level
   a - Fulminant Prism                Conjuration/Hexes            4
   b - Iskenderun's Mystic Blast      Conjuration                  4
   c - Venom Bolt                     Conjuration/Poison           5
   d - Bolt of Magma                  Conjuration/Fire/Earth       5
   e - Iron Shot                      Conjuration/Earth            6
   f - Orb of Destruction             Conjuration                  7
   g - Spellforged Servitor           Conjuration/Summoning        7
 G - a book of the Sky

   Spells                             Type                      Level
   a - Flight                         Charms/Air                   3
   b - Airstrike                      Air                          4
   c - Silence                        Hexes/Air                    5
   d - Deflect Missiles               Charms/Air                   6
   e - Conjure Ball Lightning         Conjuration/Air              6
   f - Tornado                        Air                          9
Comestibles
 d - 3 meat rations
 M - a beef jerky


   Skills:
 - Level 1.3 Short Blades
 - Level 5.0 Dodging
 * Level 13.0 Stealth
 + Level 2.2 Spellcasting
 + Level 5.4 Hexes
 + Level 0.5 Charms
 + Level 1.9 Necromancy
 - Level 2.2 Ice Magic


You couldn't memorise any spells.
You knew the following spells:

 Your Spells              Type           Power        Failure   Level  Hunger
a - Corona                Hex            ###....      3%          1    ##.....
b - Ensorcelled Hibernat  Hex/Ice        ##....       10%         2    ###....
c - Confuse               Hex            ###.....     12%         3    ####...
d - Dazzling Spray        Conj/Hex       #.......     28%         3    ####...
e - Regeneration          Chrm/Necr      #.........   52%         3    ####...


Dungeon Overview and Level Annotations

Branches:
Dungeon (8/15)             Temple (1/1) D:5            Lair (0/8) D:8

Altars:
Ashenzari
Cheibriados
Dithmenos
Fedhas
Gozag
Kikubaaqudgha
Qazlal
Sif Muna
Vehumet
Yredelemnul
Zin

Shops:
D:3 *

Annotations:
D:5 valak23's ghost, average DrWr


Innate Abilities, Weirdness & Mutations

You are small and have problems with some larger weapons.
You are carnivorous and can eat meat at any time.


Message History

The gnoll resists with some effort.
The gnoll misses you.
Casting: Ensorcelled Hibernation
Confirm with . or Enter, or press ? or * to list all spells.
Aiming: Ensorcelled Hibernation
Press: ? - help, Shift-Dir - straight line, f/p - gnoll
Aim: a gnoll, wielding a flail (heavily wounded, chance 50%)
The gnoll looks drowsy...
The helpless gnoll fails to defend itself.
You stick the gnoll like a pincushion!!!!
You kill the gnoll!
Casting: Ensorcelled Hibernation
Confirm with . or Enter, or press ? or * to list all spells.
Aiming: Ensorcelled Hibernation
Press: ? - help, Shift-Dir - straight line, f - gnoll
Aim: a gnoll, wielding a spear (chance 50%)
The gnoll looks drowsy...
The gnoll hits you from afar with a halberd!
* * * LOW HITPOINT WARNING * * *
You hit the gnoll but do no damage. The gnoll hits you with a spear.
You die...

........... #....##...##
##. ......###.....#
##...#....## #. .#....#
.....##>........# #.
......# #....%..........#
#. ......##
#........?.....# ..
.##....## #..............#
...
###.....####...............
....
#####..................#.
... ##........@.......#
#####.......gg######..# #
#%#)#.###......### #..#
###%..'.# ##......g###.##
.######## ##......g...#
.#.# ########...# #..#
##### ####


You could see 2 gnolls.

Vanquished Creatures
  A spriggan (D:8)
  A hippogriff (D:8)
  A sky beast (D:5)
  A water moccasin (D:7)
  3 ogres
  A centaur (D:7)
  An ice beast (D:7)
  4 giant frogs
  2 scorpions
  2 goliath beetles (D:7)
  A centaur skeleton (D:4)
  2 iguanas
  A gnoll shaman (D:7)
  3 orc wizards
  2 hounds
  3 worker ants
  6 gnolls
  8 adders
  A worm (D:3)
  3 giant geckos
  An ooze (D:5)
  6 orcs
  6 bats
  4 giant cockroaches
  12 goblins
  5 hobgoblins
  2 jackals (D:8)
  6 kobolds
  3 quokkas
  A giant gecko skeleton (D:7)
  3 giant newts
  7 rats
103 creatures vanquished.

Notes
Turn   | Place    | Note
--------------------------------------------------------------
     0 | D:1      | Sorcv, the Kobold Enchanter, began the quest for the Orb.
     0 | D:1      | Reached XP level 1. HP: 10/10 MP: 3/3
   181 | D:1      | Reached XP level 2. HP: 15/15 MP: 4/4
   331 | D:1      | Reached skill level 5 in Stealth
   691 | D:2      | Reached XP level 3. HP: 19/19 MP: 6/6
   753 | D:2      | Learned a level 2 spell: Ensorcelled Hibernation
   801 | D:3      | Reached skill level 6 in Stealth
   924 | D:3      | Reached XP level 4. HP: 20/24 MP: 5/7
   942 | D:3      | Found a shattered altar of Ashenzari.
   942 | D:3      | Found a stormy altar of Qazlal.
   942 | D:3      | Found a radiant altar of Vehumet.
   949 | D:3      | Became a worshipper of Ashenzari the Shackled
  1080 | D:3      | Reached skill level 1 in Ice Magic
  1096 | D:3      | Found a deep blue altar of Sif Muna.
  1117 | D:3      | Found a snail-covered altar of Cheibriados.
  1189 | D:3      | Reached skill level 7 in Stealth
  1189 | D:3      | Reached XP level 5. HP: 16/28 MP: 1/9
  1310 | D:3      | Noticed a scorpion
  1312 | D:3      | Found an opulent altar of Gozag.
  1315 | D:3      | Found Gozag's Platinum Reserve.
  1316 | D:3      | Killed a scorpion
  1355 | D:3      | Learned a level 3 spell: Confuse
  1423 | D:4      | Reached XP level 6. HP: 19/32 MP: 4/10
  1433 | D:4      | Found a blossoming altar of Fedhas.
  1445 | D:4      | Reached skill level 8 in Stealth
  1686 | D:5      | Entered Level 5 of the Dungeon
  1719 | D:5      | Found a basalt altar of Yredelemnul.
  1731 | D:5      | Noticed a sky beast
  1810 | D:5      | Killed a sky beast
  1810 | D:5      | Reached skill level 9 in Stealth
  1810 | D:5      | Reached XP level 7. HP: 30/36 MP: 2/12
  1825 | D:5      | Learned a level 3 spell: Dazzling Spray
  2072 | D:5      | Found a staircase to the Ecumenical Temple.
  2080 | Temple   | Entered the Ecumenical Temple
  2119 | D:5      | Noticed valak23's ghost (average DrWr)
  2174 | D:6      | Reached skill level 10 in Stealth
  2240 | D:6      | Reached XP level 8. HP: 41/41 MP: 13/13
  2386 | D:6      | Found a shadowy altar of Dithmenos.
  2506 | D:6      | Reached skill level 5 in Hexes
  2708 | D:7      | Reached skill level 11 in Stealth
  2870 | D:7      | Reached skill level 12 in Stealth
  2922 | D:7      | Reached XP level 9. HP: 31/45 MP: 2/14
  2941 | D:7      | Learned a level 3 spell: Regeneration
  3048 | D:7      | Found an opulent altar of Gozag.
  3050 | D:7      | Found a glowing silver altar of Zin.
  3074 | D:8      | Found a staircase to the Lair.
  3173 | D:8      | Reached skill level 1 in Necromancy
  3226 | D:8      | Reached skill level 5 in Dodging
  3285 | D:8      | Reached skill level 13 in Stealth
  3327 | D:8      | Slain by a gnoll

Action                   |  1- 3 |  4- 6 |  7- 9 || total
-------------------------+-------+-------+-------++-------
Melee: Dagger            |    65 |   109 |    76 ||   250
 Cast: Ensorcelled Hiber |     2 |    16 |    25 ||    43
       Confuse           |       |     1 |     5 ||     6
  Use: Scroll            |       |     3 |       ||     3
       Potion            |       |     3 |     1 ||     4
 Stab: Sleeping          |     9 |    19 |    30 ||    58
       Confused          |       |       |     1 ||     1
  Eat: Chunk             |     3 |     7 |     8 ||    18
